 Dungeon Crawl Stone Soup version 0.21-a0-496-g696f58f (webtiles) character file.

26 slep the Magician (level 2, 0/21 HPs)
             Began as a Demonspawn Wanderer on Nov 24, 2017.
             Slain by a gnoll
             ... wielding a +0 spear
              (2 damage)
             ... on level 1 of the Dungeon.
             The game lasted 00:03:34 (601 turns).

slep the Magician (Demonspawn Wanderer)              Turns: 601, Time: 00:03:34

Health: 0/21       AC:  2    Str: 13    XL:     2   Next: 89%
Magic:  0/7        EV: 11    Int: 14    God:
Gold:   53         SH:  0    Dex: 10    Spells: 10/10 levels left

rFire    . . .     SeeInvis .   l - -1 club (curse)
rCold    . . .     Gourm    .   (no shield)
rNeg     . . .     Faith    .   e - +0 robe
rPois    .         Spirit   +   (no helmet)
rElec    .         Reflect  .   (no cloak)
rCorr    .         Harm     .   (no gloves)
MR       .....                  (no boots)
Stlth    +.........             (no amulet)
HPRegen  0.07/turn              (no ring)
MPRegen  0.10/turn              (no ring)

@: no status effects
A: magic shield
a: no special abilities


You were on level 1 of the Dungeon.
You were not hungry.

You visited 1 branch of the dungeon, and saw 1 of its levels.

You collected 53 gold pieces.

Inventory:

Hand Weapons
 b - a +0 shortbow
 l - a cursed -1 club (weapon)
 m - a +0 whip
Missiles
 c - 18 arrows
Armour
 e - a +0 robe (worn)
Scrolls
 d - 3 scrolls of teleportation {unknown}
 g - a scroll of enchant armour {unknown}
 h - 2 scrolls of remove curse {unknown}
 j - a scroll of random uselessness {unknown}
 n - a scroll of fear {unknown}
Books
 a - a book of Minor Magic

   Spells                             Type                      Level
   a - Magic Dart                     Conjuration                  1
   b - Blink                          Translocation                2
   c - Call Imp                       Summoning                    2
   d - Slow                           Hexes                        2
   e - Conjure Flame                  Conjuration/Fire             3
   f - Mephitic Cloud                 Conjuration/Poison/Air       3
Comestibles
 f - 2 bread rations
 i - a royal jelly
 k - a meat ration


   Skills:
 + Level 1.2 Fighting
 + Level 2.2 Bows
 + Level 4.5 Spellcasting
   Level 1.0 Fire Magic
   Level 2.0 Evocations


You had 10 spell levels left.
You didn't know any spells.

Dungeon Overview and Level Annotations

Branches:
Dungeon (1/15)

Altars:


Innate Abilities, Weirdness & Mutations

When hurt, damage is shared between your health and your magic reserves.


Message History

The bat hits you but does no damage. The bat barely misses you.
The bat hits you but does no damage. The bat closely misses you.
The bat barely misses you. The bat hits you.
* * * LOW HITPOINT WARNING * * *
The bat hits you but does no damage. The bat hits you but does no damage.
The bat hits you.
* * * LOW HITPOINT WARNING * * *
The bat barely misses you. The bat misses you. The bat closely misses you.
The bat hits you but does no damage. The bat misses you.
The bat barely misses you. The bat hits you but does no damage.
The bat barely misses you.
There is a stone staircase leading down here.
The bat hits you but does no damage. The bat barely misses you.
The gnoll hits you from afar with a spear.
You die...

#..# ###.########..#.##.######
#..## #.#######.............###
#...# #.##..........######.(...
#...# #.............## ##......
#...# ##.............# #.......
....# ##..............###.......
(...# ##........######..##.......
....###.........b...###...#......
..............g.@##........#...##
....##.....###############.....##
.......#####.............#####.>#
.....###.......#######.......###.
)...##......###.......###......##
..(.#....###.............###....#
...##...#......#######......#...#
...#...#.....### ###.....#...
...#...#....## ##....#...


You could see a gnoll and a bat.

Vanquished Creatures
  A dart slug (D:1)
  4 goblins (D:1)
  3 hobgoblins (D:1)
  4 jackals (D:1)
  3 kobolds (D:1)
  A bat (D:1)
  4 frilled lizards (D:1)
  3 rats (D:1)
23 creatures vanquished.

Notes
Turn   | Place    | Note
-------+----------+-------------------------------------------
     0 | D:1      | slep the Demonspawn Wanderer began the quest for the Orb.
     0 | D:1      | slep set off with: a book of Minor Magic, a +0 shortbow, 19 arrows, a potion of lignification, a +0 robe, a bread ration
     0 | D:1      | Reached XP level 1. HP: 15/15 MP: 5/5
   136 | D:1      | Gained mutation: When hurt, damage is shared between your health and your magic reserves. [demonic ancestry]
   136 | D:1      | Reached XP level 2. HP: 21/21 MP: 7/7
   165 | D:1      | HP: 1/21 [jackal (1)]
   176 | D:1      | HP: 1/21 [jackal (1)]
   594 | D:1      | HP: 1/21 [bat (1)]
   601 | D:1      | Slain by a gnoll

Vault maps used:
D:1:      dpeg_arrival_oval, minmay_crystal_room

Skill      XL: |  1  2 |
---------------+-------+-----
Bows           | 2 |  2.2
Fighting       | |  1.2
Spellcasting   | |  4.5
Fire Magic     | |  1.0
Evocations     | |  2.0

Action                   || total
-------------------------++-------
Melee: Club              ||    64
 Fire: Shortbow          ||    19
  Use: Potion            ||     1
 Stab: Sleeping          ||     1
Armor: Robe              ||    27
       Skin              ||    25
Dodge: Dodged            ||    58

Table legend:
 A = Spawn XP
 B = Non-spawn XP
 C = Spawn XP percentage of total XP
 D = Spawn monster count
 E = Non-spawn monster count
 F = Spawn count percentage of total count
 G = Total turns spent on level
                    A         B        C        D         E        F      G
               +---------+---------+-------+---------+---------+-------+---------
         Total |       0 |      38 |   0.0 |       0 |      23 |   0.0 |   601
               +---------+---------+-------+---------+---------+-------+---------
           D:1 |       0 |      38 |   0.0 |       0 |      23 |   0.0 |   601
               +---------+---------+-------+---------+---------+-------+---------
